 Dungeon Crawl Stone Soup version 0.28-a0-655-g4eb62b627b (webtiles) character file.

Game seed: 7991741480995522769

2191 DarkMailMan the Thaumaturge (level 9, -4/45 HPs)
             Began as a Deep Elf Air Elementalist on Oct 12, 2021.
             Was a Believer of Vehumet.
             Slain by Maggie (11 damage)
             ... on level 6 of the Dungeon on Oct 13, 2021.
             The game lasted 00:30:25 (7016 turns).

DarkMailMan the Thaumaturge (DEAE)                  Turns: 7016, Time: 00:30:26

Health: -4/45      AC:  4    Str:  5    XL:     9   Next: 12%
Magic:  0/24       EV: 13    Int: 24    God:    Vehumet [**....]
Gold:   404        SH:  0    Dex: 15    Spells: 16/26 levels left

rFire   . . .      SeeInvis .   n - +1 dagger (holy)
rCold   . . .      Faith    .   (no shield)
rNeg    . . .      Spirit   +   a - +1 robe
rPois   .          Reflect  .   (no helmet)
rElec   .          Harm     .   m - +0 cloak of the Lair of Beasts {Slay+2}
rCorr   .          Rampage  .   (no gloves)
Will    .....                   (no boots)
Stlth   +++.......              c - amulet of guardian spirit
HPRegen 0.15/turn               (no ring)
MPRegen 0.19/turn               (no ring)

@: mesmerised
A: no striking features
a: Renounce Religion


You were on level 6 of the Dungeon.
You worshipped Vehumet.
Vehumet was pleased with you.
You visited 2 branches of the dungeon, and saw 7 of its levels.

You collected 404 gold pieces.

Inventory:

Hand Weapons
 g - a +0 whip of flaming
 n - a +1 dagger of holy wrath (weapon)
Armour
 a - a +1 robe (worn)
 f - a +0 cloak
 m - the +0 cloak of the Lair of Beasts (worn) {Slay+2}
   (You found it on level 5 of the Dungeon)

   Slay:      It affects your accuracy & damage with ranged weapons and melee
   (+2).
Jewellery
 c - an amulet of guardian spirit (around neck)
Wands
 l - a wand of paralysis (5)
Scrolls
 b - a scroll of silence {unknown}
 o - 2 scrolls of identify
 p - a scroll of amnesia {unknown}
 q - a scroll of enchant weapon {unknown}
Potions
 e - a potion of degeneration
 h - 2 potions of ambrosia
 i - a potion of curing
 j - a potion of might
 k - 2 potions of attraction


   Skills:
 + Level 0.2 Fighting
 + Level 3.4 Dodging
 + Level 4.0 Stealth
 - Level 1.0 Unarmed Combat
 + Level 9.0 Spellcasting
 + Level 6.4 Conjurations
 + Level 7.3 Air Magic
 * Level 2.9 Invocations
 - Level 1.3 Evocations


You had 16 spell levels left.
You knew the following spells:

 Your Spells              Type           Power      Damage    Failure   Level
a - Shock                 Conj/Air       100%       1d9       1%          1
b - Static Discharge      Conj/Air       43%        N/A       1%          2
c - Airstrike             Air            23%        N/A       2%          4
d - Swiftness             Air            46%        N/A       1%          3

Your spell library contained the following spells:

 Spells                   Type           Power      Damage    Failure   Level
 Sandblast                Erth           20%        2d7       6%          1
 Magic Dart               Conj           100%       1d8       1%          1
 Mephitic Cloud           Conj/Pois/Air  32%        N/A       2%          3
 Conjure Flame            Conj/Fire      26%        6-21      4%          3
 Blink                    Tloc           N/A        N/A       9%          2
 Call Imp                 Summ           10%        N/A       9%          2
 Fulminant Prism          Conj/Hex       13%        3d9       16%         4
 Iskenderun's Mystic Bla  Conj/Tloc      26%        2d7       16%         4
 Sticky Flame             Conj/Fire      26%        2d5       16%         4
 Ignite Poison            Fire/Tmut/Pois 10%        N/A       17%         3
 Inner Flame              Hex/Fire       10%        N/A       17%         3
 Lesser Beckoning         Tloc           10%        N/A       17%         3
 Cause Fear               Hex            5%         N/A       50%         4
 Summon Ice Beast         Ice/Summ       10%        N/A       50%         4
 Lee's Rapid Deconstruct  Erth           5%         3d7*      85%         5
 Manifold Assault         Tloc           10%        N/A       85%         5
 Discord                  Hex            5%         N/A       100%        8
 Fire Storm               Conj/Fire      13%        8d3       100%        9


Dungeon Overview and Level Annotations

Branches:
Dungeon (6/15)             Temple (1/1) D:5

Altars:
Cheibriados
Dithmenos
Fedhas
Uskayaw
Vehumet
Yredelemnul
Zin

Shops:
D:1 =

Annotations:
D:6 Maggie


Message History

Maggie is almost dead.
The bullfrog zombie barely misses you.
Maggie hits you with a +2 long sword of flaming!
Maggie burns you.
You hit Maggie.
Maggie is almost dead.
The bullfrog zombie hits you.
Maggie hits you with a +2 long sword of flaming!
* * * LOW HITPOINT WARNING * * *
Maggie burns you.
* * * LOW HITPOINT WARNING * * *
The bullfrog zombie hits you.
You feel much better.
Maggie hits you with a +2 long sword of flaming!
* * * LOW HITPOINT WARNING * * *
Maggie burns you.
* * * LOW HITPOINT WARNING * * *
You feel much better.
Maggie hits you with a +2 long sword of flaming.
Maggie burns you. The ufetubus closely misses you.
The ufetubus hits you but does no damage.
You hit Maggie but do no damage.
Maggie is almost dead.
The ufetubus closely misses you. The ufetubus hits you.
Maggie closely misses you.
You hit Maggie.
Maggie is almost dead.
The ufetubus closely misses you. The ufetubus barely misses you.
Maggie hits you with a +2 long sword of flaming!
* * * LOW HITPOINT WARNING * * *
Maggie burns you.
* * * LOW HITPOINT WARNING * * *
The ufetubus closely misses you. The ufetubus hits you.
* * * LOW HITPOINT WARNING * * *
You hit Maggie but do no damage.
Maggie is almost dead.
The ufetubus closely misses you.
The ufetubus hits you but does no damage.
Maggie hits you with a +2 long sword of flaming!
You die...

#....#.....≈.≈≈...###.#.....
#.##........≈≈..#...#.......
#..........#≈#..###.####....
#..####..#......###.# #..#.
#...#....#.......##.# #....
######.#.#.##.#.##.#..##.##
#....
.........#....#.<#........#
...
...####>###################
(... . #.####....@@Z.#
#.##....(.#5..#
#.##.....##Z..# #.#......#
...'. #......### ...#...
#.###### ...# .. #.# ...# =
#.# ...# #.#


You could see Maggie (mesmerising), an ufetubus and 2 bullfrog zombies.

Vanquished Creatures
  Pikel (D:5)
  A water moccasin (D:4)
  A black bear (D:4)
  2 ogres
  A centaur (D:5)
  4 lemures
  A phantom (D:4)
  A bullfrog (D:6)
  3 scorpions (D:5)
  A water moccasin zombie (D:4)
  A water moccasin skeleton (D:5)
  A wyvern skeleton (D:6)
  6 killer bees (D:5)
  A howler monkey (D:5)
  A centaur zombie (D:6)
  A jelly (D:4)
  2 hounds (D:6)
  3 iguanas
  Ijyb (D:4)
  3 orc wizards (D:5)
  5 adders
  A shadow imp (D:6)
  A worm (D:2)
  3 dart slugs (D:2)
  7 orcs
  2 endoplasms
  2 giant cockroaches
  7 goblins
  7 hobgoblins
  14 jackals
  6 quokkas
  3 ball pythons
  A bat (D:1)
  6 frilled lizards
  10 kobolds
  5 rats
116 creatures vanquished.

Vanquished Creatures (collateral kills)
  A necrophage (D:5)
  An orc (D:5)
2 creatures vanquished.

Grand Total: 118 creatures vanquished

Notes
Turn   | Place    | Note
-------+----------+-------------------------------------------
     0 | D:1      | DarkMailMan the Deep Elf Air Elementalist began the quest
                  | for the Orb.
     0 | D:1      | Reached XP level 1. HP: 10/10 MP: 6/6
    31 | D:1      | Found Boshiafo's Jewellery Emporium.
   163 | D:1      | Found a faded altar of an unknown god.
   184 | D:1      | Prayed at the altar of an unknown god.
   184 | D:1      | Became a worshipper of Uskayaw the Reveller
   184 | D:1      | Reached * piety under Uskayaw
   391 | D:1      | Reached XP level 2. HP: 15/15 MP: 6/8
   462 | D:1      | Reached ** piety under Uskayaw
   594 | D:1      | Learned a level 2 spell: Static Discharge
   705 | D:1      | Reached *** piety under Uskayaw
   707 | D:1      | Reached **** piety under Uskayaw
  1042 | D:2      | Reached XP level 3. HP: 19/19 MP: 5/9
  1624 | D:2      | Found a basalt altar of Yredelemnul.
  1897 | D:3      | Reached skill level 4 in Spellcasting
  1897 | D:3      | Reached XP level 4. HP: 1/24 MP: 0/12
  2236 | D:3      | Found a blossoming altar of Fedhas.
  2239 | D:3      | Found a radiant altar of Vehumet.
  2250 | D:3      | Fell from the grace of Uskayaw
  2250 | D:3      | Became a worshipper of Vehumet
  2356 | D:3      | Noticed an ogre
  2365 | D:3      | Killed an ogre
  2366 | D:3      | Reached XP level 5. HP: 26/28 MP: 3/14
  3050 | D:4      | Got the Tome of Supportive Fire
  3072 | D:4      | Noticed a water moccasin
  3076 | D:4      | Killed a water moccasin
  3077 | D:4      | Reached skill level 5 in Spellcasting
  3077 | D:4      | Reached XP level 6. HP: 32/32 MP: 8/15
  3132 | D:4      | Learned a level 4 spell: Airstrike
  3231 | D:4      | Reached skill level 5 in Conjurations
  3372 | D:4      | Reached XP level 7. HP: 34/36 MP: 9/17
  3686 | D:4      | Reached skill level 5 in Air Magic
  4007 | D:4      | Noticed Ijyb
  4026 | D:4      | Paralysed by Ijyb for 6 turns
  4032 | D:4      | Killed Ijyb
  4033 | D:4      | Reached skill level 1 in Unarmed Combat
  4246 | D:4      | Found a shadowy altar of Dithmenos.
  4621 | D:5      | Entered Level 5 of the Dungeon
  4628 | D:5      | Identified the +0 cloak of the Lair of Beasts {Slay+2}
  4667 | D:5      | Reached skill level 6 in Spellcasting
  4769 | D:5      | Reached * piety under Vehumet
  4769 | D:5      | Offered knowledge of Freeze by Vehumet.
  5113 | D:5      | Reached XP level 8. HP: 31/41 MP: 11/20
  5117 | D:5      | Reached skill level 1 in Evocations
  5118 | D:5      | Reached skill level 7 in Spellcasting
  5296 | D:5      | Found a staircase to the Ecumenical Temple.
  5437 | D:5      | Noticed Pikel
  5623 | D:5      | Reached skill level 1 in Invocations
  5627 | Temple   | Entered the Ecumenical Temple
  6409 | D:5      | Killed Pikel
  6410 | D:5      | Reached skill level 8 in Spellcasting
  6662 | D:6      | Reached XP level 9. HP: 45/45 MP: 14/23
  6771 | D:6      | Offered knowledge of Sandblast by Vehumet.
  6778 | D:6      | Learned a level 3 spell: Swiftness
  6880 | D:6      | Reached ** piety under Vehumet
  6968 | D:6      | Reached skill level 9 in Spellcasting
  6998 | D:6      | Noticed Maggie
  7011 | D:6      | HP: 2/45 [Maggie (6)]
  7016 | D:6      | Slain by Maggie

Illustrated notes

Levels and vault maps discovered:
D:1:      ncdulo_watergridlock, layout_basic, serial_shops,
          nicolae_diamond_shop, hellmonk_ecumenical_altar_pennies_from_heaven
D:2:      layout_basic, basic_altar
D:3:      layout_basic, chequers_temple_overflow_statue_of_worship
D:4:      kennysheep_the_goblin_king, layout_basic, lemuel_round_altar,
          serial_curves, eino_curves_01, eino_curves_03, eino_curves_03,
          minmay_liquid_box, grunt_decor_clamped
D:5:      layout_loops_ring, temple_fountains, uniq_pikel
D:6:      minmay_opposing_rooms, layout_basic, grunt_temple_overflow_diamond,
          chequers_serial_rivers_small_b, uniq_maggie
Temple:   minmay_temple_curvy_loop

Skill      XL: |  1  2  3  4  5  6  7  8  9 |
---------------+----------------------------+-----
Conjurations   | 2 3 4 5 6 |  6.4
Spellcasting   | 4 5 6 8 9 |  9.0
Stealth        | 3 4 |  4.0
Dodging        | 3 |  3.4
Air Magic      | 4 5 7 |  7.3
Unarmed Combat | 1 |  1.0
Evocations     | 1 |  1.3
Invocations    | 2 |  2.9
Fighting       | |  0.2

Action                   |  1- 3 |  4- 6 |  7- 9 || total
-------------------------+-------+-------+-------++-------
Melee: Unarmed           |    20 |     3 |     4 ||    27
       Dagger            |       |       |    11 ||    11
 Cast: Shock             |    81 |    40 |    80 ||   201
       Static Discharge  |     7 |     6 |    35 ||    48
       Airstrike         |       |     3 |    28 ||    31
Evoke: Wand              |       |       |     2 ||     2
  Use: Scroll            |       |     3 |     6 ||     9
       Potion            |       |       |     3 ||     3
Armor: Robe              |     5 |       |     9 ||    14
Dodge: Dodged            |    39 |     8 |    54 ||   101

Table legend: (Time is in decaauts)
 A = Elapsed time spent in this place.
 B = Non-inter-level travel time spent in this place.
 C = Inter-level travel time spent in this place.
 D = Time resting spent in this place.
 E = Time spent auto-exploring this place.
 F = Levels seen in this place.
 G = Mean time per level.
                   A        B        C        D        E       F      G
               +--------+--------+--------+--------+--------+-----+--------+
         Total |   7030 |   6905 |    125 |   1653 |   3760 |   7 | 1004.3 |
       Dungeon |   6955 |   6830 |    125 |   1624 |   3760 |   6 | 1159.2 |
        Temple |     74 |     74 |      0 |     29 |      0 |   1 |   74.0 |
               +--------+--------+--------+--------+--------+-----+--------+

Top non-repeatable levels by time:
     D:4: 1880 daAuts
     D:5: 1663 daAuts
     D:3: 1169 daAuts
     D:2: 991 daAuts
     D:1: 888 daAuts
     D:6: 362 daAuts
  Temple: 74 daAuts
